 Dungeon Crawl Stone Soup version 0.19.1 (webtiles) character file.

72 dajomu the Shield-Bearer (level 4, -2/35 HPs)
             Began as a Human Fighter on Dec 11, 2016.
             Was an Initiate of Makhleb.
             Slain by an orc
             ... wielding a +0 morningstar
              (3 damage)
             ... on level 4 of the Dungeon.
             The game lasted 00:09:51 (1410 turns).

dajomu the Shield-Bearer (Human Fighter)            Turns: 1410, Time: 00:09:51

Health: -2/35      AC:  6    Str: 17    XL:     4   Next: 48%
Magic:  4/4        EV:  7    Int:  9    God:    Makhleb [......]
Gold:   84         SH:  9    Dex: 12    Spells: 0 memorised, 3 levels left

rFire  . . .     SeeInvis .     a - +0 long sword
rCold  . . .     Gourm    .     b - +0 scale mail
rNeg   . . .     Faith    .     c - +0 shield
rPois  .         Spirit   .     (no helmet)
rElec  .         Reflect  .     (no cloak)
rCorr  .         Harm     .     (no gloves)
MR     .....                    (no boots)
Stlth  ..........               (no amulet)
                                (no ring)
                                (no ring)

@: no status effects
A: no striking features
a: Renounce Religion


You were on level 4 of the Dungeon.
You worshipped Makhleb.
Makhleb was noncommittal.
You were not hungry.

You visited 1 branch of the dungeon, and saw 5 of its levels.

You collected 84 gold pieces.

Inventory:

Hand Weapons
 a - a +0 long sword (weapon)
Missiles
 g - 41 arrows
Armour
 b - a +0 scale mail (worn)
 c - a +0 shield (worn)
 h - a +0 robe
 j - a +0 cloak
Wands
 k - a wand of slowing (48/48)
Scrolls
 e - a scroll of recharging
Potions
 d - a potion of might
 i - a potion of invisibility
 l - 2 potions of magic {unknown}
 m - a potion of brilliance {unknown}
Comestibles
 f - a bread ration
 n - a meat ration


   Skills:
 + Level 3.4 Fighting
 + Level 2.8 Long Blades
 + Level 3.4 Armour
 + Level 1.0 Dodging
 + Level 0.2 Stealth
 + Level 3.5 Shields


You had 3 spell levels left.
You didn't know any spells.

Dungeon Overview and Level Annotations

Branches:
Dungeon (5/15)
 Temple: D:4-7

Altars:
Makhleb
Ru

Shops:
D:5 =


Message History

The quokka barely misses you.
You closely miss the quokka.
The quokka is heavily wounded.
The quokka bites you but does no damage.
The orc wizard mumbles some strange words.
The orc wizard blinks!
The orc barely misses you.
Your shield prevents you from hitting the quokka.
The quokka is heavily wounded.
The quokka bites you. You block the quokka's attack.
The orc closely misses you.
You barely miss the quokka.
The quokka is heavily wounded.
The orc wizard hits you but does no damage.
The quokka bites you.
* * * LOW HITPOINT WARNING * * *
The orc wizard points at you and mumbles some strange words.
The magic dart hits you!
* * * LOW HITPOINT WARNING * * *
The orc hits you with a morningstar.
You die...

##.......##
#.........##
##..........#
#...........##
#............##
#............#
#..>.......#
###..oo....#
##.§r@...#
#..####.## #.)#
# #..# ...#
...o# .....#
.......
....^...


You could see an orc wizard, an orc and a quokka.

Vanquished Creatures
  An adder (D:2)
  2 worms (D:2)
  3 leopard geckos
  An orc (D:4)
  10 bats
  5 giant cockroaches
  10 goblins
  6 hobgoblins
  A quokka (D:2)
  3 frilled lizards
  4 kobolds (D:1)
  4 rats
50 creatures vanquished.

Notes
Turn   | Place    | Note
-------+----------+-------------------------------------------
     0 | D:1      | dajomu the Human Fighter began the quest for the Orb.
     0 | D:1      | Reached XP level 1. HP: 18/18 MP: 1/1
   111 | D:1      | Reached XP level 2. HP: 22/24 MP: 2/2
   242 | D:1      | Reached XP level 3. HP: 29/29 MP: 3/3
   741 | D:2      | Found a sacrificial altar of Ru.
   906 | D:2      | Reached XP level 4. HP: 21/35 MP: 4/4
  1322 | D:3      | You fall through a shaft for 2 floors!
  1322 | D:5      | Entered Level 5 of the Dungeon
  1322 | D:5      | Found Kogodwutz's Jewellery Shoppe.
  1345 | D:5      | Found a burning altar of Makhleb.
  1361 | D:5      | Became a worshipper of Makhleb the Destroyer
  1400 | D:4      | Reached skill level 1 in Dodging
  1410 | D:4      | HP: 1/35 [orc wizard/magic dart (7)]
  1410 | D:4      | Slain by an orc

Skill      XL: |  1  2  3  4 |
---------------+-------------+-----
Dodging        | 1 |  1.0
Fighting       | |  3.4
Long Blades    | |  2.8
Armour         | |  3.4
Stealth        | |  0.2
Shields        | |  3.5

Action                   |  1- 3 |  4- 6 || total
-------------------------+-------+-------++-------
Melee: Long sword        |   116 |    52 ||   168
  Use: Scroll            |       |     3 ||     3
  Eat: Bread ration      |       |     1 ||     1
Armor: Scale mail        |    82 |    17 ||    99
Dodge: Dodged            |    44 |    21 ||    65
Block: Shield            |    87 |    25 ||   112
       Rpst.: Long sword |    18 |     7 ||    25
